 Dungeon Crawl Stone Soup version 0.14-b1-2-g50dc152 (webtiles) character file.

435 Arner the Chiller (level 6, -1/41 HPs)
             Began as a Merfolk Ice Elementalist on Mar 31, 2014.
             Killed from afar by an orc wizard (9 damage)
             ... with a puff of flame
             ... on Level 4 of the Dungeon.
             The game lasted 00:22:30 (3905 turns).

Arner the Chiller (Merfolk Ice Elementalist)        Turns: 3905, Time: 00:22:30

HP  -1/41        AC  4     Str  8      XL: 6   Next: 29%
MP   1/13        EV 14     Int 16      God:
Gold 150         SH  0     Dex 15      Spells:  3 memorised,  6 levels left

rFire  . . .     SeeInvis .     e - +0 hand axe
rCold  . . .     Clarity  .     a - +0 robe
rNeg   . . .     Conserve .     (no shield)
rPois  .         rCorr    .     (no helmet)
rElec  .         rRot     .     k - +1 cloak {+Inv}
SustAb . .       Spirit   .     (no gloves)
rMut   .         Warding  .     (no boots)
Saprov . . .     Stasis   .     (no amulet)
MR     .....                    (no ring)
                                d - ring of wizardry

@: not resistant to hostile enchantments, fairly stealthy
A: change form in water, swift swim
a: Evoke Invisibility


You were on level 4 of the Dungeon.
You were not hungry.

You visited 1 branch of the dungeon, and saw 4 of its levels.

You collected 150 gold pieces.

Inventory:

Hand weapons
 e - a +0,+0 hand axe (weapon)
Armour
 a - a +0 robe (worn)
 k - a +1 cloak of darkness (worn)
Comestibles
 c - 2 bread rations
 o - a meat ration
Scrolls
 f - a scroll of magic mapping {unknown}
 g - a scroll of enchant armour {unknown}
 j - 7 scrolls of identify {unknown}
 p - 2 scrolls of teleportation {unknown}
 q - a scroll of random uselessness {unknown}
Jewellery
 d - a ring of wizardry (left hand)
Potions
 h - 3 potions of agility {unknown}
 i - a potion of brilliance {unknown}
 l - a potion of heal wounds {unknown}
 m - 3 potions of curing {unknown}
 n - a potion of magic {unknown}
 r - a potion of restore abilities {unknown}
Books
 b - a book of Frost

   Spells                             Type                      Level
   *Freeze                            Ice                          1
   *Throw Frost                       Conjuration/Ice              2
   *Ozocubu's Armour                  Charms/Ice                   3
   Throw Icicle                       Conjuration/Ice              4
   Summon Ice Beast                   Ice/Summoning                4
   Condensation Shield                Ice                          4


   Skills:
 + Level 4.7 Dodging
 - Level 2.3 Stealth
 * Level 3.7 Spellcasting
 - Level 0.7 Conjurations
 * Level 5.4 Ice Magic


You had 6 spell levels left.
You knew the following spells:

 Your Spells              Type           Power        Failure   Level  Hunger
a - Freeze                Ice            ###.         1%          1    None
b - Throw Frost           Conj/Ice       ##....       4%          2    ##.....
c - Ozocubu's Armour      Chrm/Ice       ##........   7%          3    ###....


Dungeon Overview and Level Annotations

Branches:
Dungeon (4/15)
 Temple: D:4-7

Altars:
Dithmenos
Kikubaaqudgha
Okawaru
Yredelemnul


Message History

The orc wizard mumbles some strange words.
The orc wizard seems to speed up.
The orc wizard mumbles some strange words.
The orc wizard blinks!
Casting: Throw Frost
Confirm with . or Enter, or press ? or * to list all spells.
Aiming: Throw Frost
Press: ? - help, Shift-Dir - straight line
Aim: Disturbance (translocational energy)
The puff of frost hits something.
The puff of flame hits you!
* * * LOW HITPOINT WARNING * * *
Casting: Throw Frost
Confirm with . or Enter, or press ? or * to list all spells.
Aiming: Throw Frost
Press: ? - help, Shift-Dir - straight line
Aim: Disturbance (translocational energy)
The puff of frost hits something.
A puff of flame appears from out of thin air!
The puff of flame hits you!
You die...

##### #...# #.#.#######
#######################.#......>#
................@....o.(........#
#######################.#######%#
# #.######..# # #.#....o..# #
#.#.####..# # #......#..# #
#.#.##.#..# # ###.##.#.o. #
#.##.##.#


You could see an orc wizard.

Vanquished Creatures
  A sky beast (D:3)
  An orc priest (D:4)
  An orc wizard (D:3)
  A worker ant (D:4)
  3 adders (D:2)
  A gnoll (D:1)
  An ooze (D:3)
  4 orcs
  2 ball pythons
  3 giant cockroaches
  11 hobgoblins
  A quokka (D:4)
  8 bats
  2 giant geckos
  3 giant newts (D:1)
  A goblin (D:2)
  A goblin skeleton (D:4)
  10 jackals
  12 kobolds
  6 rats
73 creatures vanquished.

Notes
Turn   | Place    | Note
--------------------------------------------------------------
     0 | D:1      | Arner, the Merfolk Ice Elementalist, began the quest for the Orb.
     0 | D:1      | Reached XP level 1. HP: 13/13 MP: 3/3
   118 | D:1      | Reached XP level 2. HP: 17/19 MP: 0/4
   806 | D:1      | Reached XP level 3. HP: 24/24 MP: 4/6
   999 | D:1      | Learned a level 2 spell: Throw Frost
  1048 | D:2      | Reached skill level 4 in Ice Magic
  1417 | D:2      | Reached XP level 4. HP: 25/30 MP: 1/8
  2694 | D:3      | Reached XP level 5. HP: 29/35 MP: 3/11
  2772 | D:4      | Noticed a sky beast
  2789 | D:3      | Killed a sky beast
  2789 | D:3      | Reached skill level 5 in Ice Magic
  3009 | D:4      | Reached XP level 6. HP: 39/41 MP: 10/13
  3483 | D:4      | HP: 2/41 [orc priest/divine providence (13)]
  3510 | D:3      | Found a basalt altar of Yredelemnul.
  3510 | D:3      | Found a shadowy altar of Dithmenos.
  3510 | D:3      | Found an ancient bone altar of Kikubaaqudgha.
  3510 | D:3      | Found an iron altar of Okawaru.
  3787 | D:3      | Learned a level 3 spell: Ozocubu's Armour
  3905 | D:4      | Killed from afar by an orc wizard

Action                   |  1- 3 |  4- 6 || total
-------------------------+-------+-------++-------
Melee: Hand axe          |     3 |     9 ||    12
 Cast: Freeze            |    49 |    71 ||   120
       Throw Frost       |     3 |    33 ||    36
       Ozocubu's Armour  |       |     1 ||     1
